 Dungeon Crawl Stone Soup version 0.23-a0-635-g88ca12a (webtiles) character file.

8285 Firecrotchwizard the Cleaver (level 11, -19/99 HPs)
             Began as a Hill Orc Monk on Dec 28, 2018.
             Was an Elder of Makhleb.
             Demolished by an orc knight
             ... wielding a +0 long sword
              (23 damage)
             ... on level 8 of the Dungeon.
             The game lasted 00:24:24 (8921 turns).

Firecrotchwizard the Cleaver (Hill Orc Monk)        Turns: 8921, Time: 00:24:24

Health: -19/99     AC: 20    Str: 18    XL:     11   Next: 28%
Magic:  17/17      EV:  9    Int: 10    God:    Makhleb [****..]
Gold:   512        SH:  0    Dex: 13    Spells: 10/10 levels left

rFire    . . .     SeeInvis .   a - +2 hand axe (venom)
rCold    . . .     Gourm    .   (no shield)
rNeg     . . .     Faith    .   l - +0 chain mail
rPois    .         Spirit   .   B - +2 helmet
rElec    .         Reflect  .   (no cloak)
rCorr    .         Harm     .   s - +0 pair of gloves of Analysis {Slay+3}
MR       .....                  (no boots)
Stlth    ..........             M - amulet of regeneration {+regen, !d}
HPRegen  0.66/turn              t - +3 ring of slaying
MPRegen  0.15/turn              n - +5 ring of protection

@: drained
A: no striking features
a: Minor Destruction, Lesser Servant of Makhleb, Major Destruction, Renounce
Religion


You were on level 8 of the Dungeon.
You worshipped Makhleb.
Makhleb was greatly pleased with you.
You were not hungry.

You visited 1 branch of the dungeon, and saw 9 of its levels.

You collected 512 gold pieces.

Inventory:

Hand Weapons
 a - a +2 hand axe of venom (weapon)
   (You took it off a wight on level 6 of the Dungeon)
 b - a +2 hunting sling of flaming
   (You found it on level 5 of the Dungeon)
 G - a +0 hand axe
Missiles
 v - 75 sling bullets
Armour
 l - a +0 chain mail (worn)
   (You took it off a hobgoblin on level 1 of the Dungeon)
 s - the +0 pair of gloves of Analysis (worn) {Slay+3}
   (You found it on level 9 of the Dungeon)

   It affects your accuracy and damage with ranged weapons and melee attacks
   (+3).
 B - a +2 helmet (worn)
   (You found it on level 5 of the Dungeon)
 J - the +0 Maxwell's etheric cage {RegenMP+ *Contam rElec MP+4}
   (You found it on level 6 of the Dungeon)

   It insulates you from electricity.
   It affects your magic capacity (+4).
   It causes magical contamination when unequipped.
Jewellery
 j - a +2 ring of protection
   (You found it on level 2 of the Dungeon)
 n - a +5 ring of protection (right hand)
   (You found it on level 2 of the Dungeon)
 r - an uncursed ring of protection from cold {rC+, !d}
   (You found it on level 5 of the Dungeon)
 t - a +3 ring of slaying (left hand)
   (You found it on level 3 of the Dungeon)
 y - an uncursed ring of flight {+Fly, !d}
   (You found it on level 4 of the Dungeon)
 M - an amulet of regeneration (around neck) {+regen, !d}
   (You found it on level 8 of the Dungeon)
Wands
 D - a wand of clouds (5)
   (You found it on level 5 of the Dungeon)
 L - a wand of flame (9)
   (You found it on level 7 of the Dungeon)
 O - a wand of polymorph (8)
   (You took it off Erica on level 8 of the Dungeon)
 P - a wand of random effects (11)
   (You found it on level 8 of the Dungeon)
 Q - a wand of paralysis (10)
   (You took it off a big kobold on level 9 of the Dungeon)
Scrolls
 e - 3 scrolls of remove curse
 h - a scroll of random uselessness {unknown}
 m - 2 scrolls of identify
 w - 3 scrolls of teleportation {unknown}
 z - 2 scrolls of amnesia {unknown}
 A - 2 scrolls of fog {unknown}
 I - 2 scrolls of magic mapping {unknown}
 N - a scroll of fear {unknown}
Potions
 d - 2 potions of berserk rage {unknown}
 f - 2 potions of ambrosia {unknown}
 i - a potion of resistance {unknown}
 k - 2 potions of haste {unknown}
 o - 3 potions of flight {unknown}
 p - 4 potions of degeneration {unknown}
 q - 3 potions of curing
 u - a potion of brilliance {unknown}
 x - 3 potions of invisibility {unknown}
 C - a potion of heal wounds {unknown}
 E - 3 potions of magic {unknown}
 H - 2 potions of mutation {unknown}
 K - a potion of lignification {unknown}
Comestibles
 c - 25 rations
 g - 10 chunks of flesh {@w0}


   Skills:
 + Level 10.0(9.8) Fighting
 + Level 14.2(13.9) Axes
 + Level 7.8(7.6) Armour
 - Level 3.6(3.4) Dodging
 - Level 1.5(1.3) Stealth
 + Level 9.3(9.0) Invocations


You had 10 spell levels left.
You didn't know any spells.
Your spell library contained the following spells:

 Spells                   Type           Power        Failure   Level  Hunger
 Confusing Touch          Hex            #.....       98%         1    ##.....
 Corona                   Hex            #......      98%         1    ##.....
 Freeze                   Ice            #...         98%         1    ##.....
 Slow                     Hex            #.......     99%         2    ###....
 Throw Frost              Conj/Ice       #.....       99%         2    ###....
 Confuse                  Hex            #.......     100%        3    ####...
 Gell's Gravitas          Tloc           #.........   100%        3    ####...
 Inner Flame              Hex/Fire       #.......     100%        3    ####...
 Ozocubu's Armour         Chrm/Ice       #.......     100%        3    ####...
 Portal Projectile        Hex/Tloc       #.....       100%        3    ####...
 Cause Fear               Hex            #.........   100%        4    #####..
 Leda's Liquefaction      Hex/Erth       #.........   100%        4    #####..
 Petrify                  Tmut/Erth      #.......     100%        4    #####..
 Summon Ice Beast         Ice/Summ       #.......     100%        4    #####..
 Throw Icicle             Conj/Ice       #.......     100%        4    #####..
 Metabolic Englaciation   Hex/Ice        #.........   100%        5    ######.
 Yara's Violent Unravell  Hex/Tmut       #.........   100%        5    ######.


Dungeon Overview and Level Annotations

Branches:
Dungeon (9/15)             Temple (0/1) D:6
   Lair: D:8-11         Orc: D:9-12

Altars:
Ashenzari
Elyvilon
Fedhas
Makhleb
Nemelex Xobeh
Okawaru
Qazlal
Uskayaw
Vehumet
Wu Jian
Zin

Shops:
D:5 (?


Message History

The orc warrior hits you but does no damage.
You regained 9 hp, and now have 71/99 hp.
The orc warrior hits you with a +0 trident!
You see here an orc corpse.
You take 8 damage, and have 63/99 hp.
You hit the orc warrior. You closely miss the orc warrior.
The orc warrior hits you but does no damage.
You hit the orc warrior but do no damage.
The orc warrior is poisoned.
You are feeling hungry.
You slash the orc warrior!
The orc warrior looks as sick as possible!
The orc warrior barely misses you.
You slash the orc warrior!
You kill the orc warrior!
Makhleb accepts your kill.
You feel better.
You regained 5 hp, and now have 69/99 hp.
Things that are here:
a +0 trident; a +0 plate armour There isn't anything to butcher here.
You see here an orc corpse.
You butcher the orc corpse.
g - 11 chunks of flesh {@w0} (gained 4)
You see here an orc skeleton.
You start resting.
Eating one of 11 chunks of flesh {@w0}.
You eat one of the 11 chunks of flesh {@w0}.
An orc knight comes into view. It is wielding a +0 long sword.
You regained 26 hp, and now have 97/99 hp.
The orc knight shouts!
You hear a shout! x3
The orc knight roars a battlecry!
An orc knight comes into view.
It is wielding a +0 dire flail and wearing a +2 The orc knight shouts!
Health restored: 99 An orc comes into view.
It is wielding a +0 flail.
The orc shouts!
An orc comes into view. It is wielding a +0 flail.
There is an open door here.
Things that are here:
a +0 whip; a sling bullet; an orc corpse The orc knight roars a battlecry!
The orc goes into a battle-frenzy!
You hear a shout!
Things that are here:
a +1 scimitar of holy wrath; a +0 chain mail; an orc skeleton The orc knight roars a battlecry!
There is a huge open gate here.
The orc knight roars a battlecry!
The orc knight goes into a battle-frenzy!
The orc hits you but does no damage.
The orc knight roars a battlecry!
The orc no longer looks unusually strong.
There is a stone staircase leading up here.
The orc knight no longer looks unusually strong.
The orc knight roars a battlecry!
The orc goes into a battle-frenzy!
The orc no longer looks unusually strong.
You climb upwards.
There is a stone staircase leading down here.
You hit the orc.
The orc is poisoned.
You kill the orc!
Makhleb accepts your kill.
No target in view!
You climb downwards.
The orc hits you but does no damage.
An orc knight comes into view. It is wielding a +2 great mace.
The orc knight hits you with a +0 dire flail!
The orc hits you but does no damage.
There is a stone staircase leading up here.
You take 15 damage, and have 84/99 hp.
The orc knight roars a battlecry!
The orc knight goes into a battle-frenzy!
The orc closely misses you.
You climb upwards.
There is a stone staircase leading down here.
A demon appears!
The orc knight hits you with a +0 long sword!!
You take 37 damage, and have 48/99 hp.
MASSIVE DAMAGE!!
A demon appears!
You can no longer summon a greater servant of Makhleb.
The orc hits your neqoxec with a +0 flail!
The orc knight hits you with a +0 long sword.
The orc knight hits you with a +0 dire flail!
* * * LOW HITPOINT WARNING * * *
Your neqoxec hits the orc knight.
You take 21 damage, and have 27/99 hp.
MASSIVE DAMAGE!!
Okay, then.
You slash the orc knight!
The orc knight is poisoned.
You hit the orc knight but do no damage.
The orc knight is poisoned.
The orc no longer looks unusually strong.
You hit the orc knight. x2; The orc knight looks even sicker.
The orc misses your neqoxec.
Your neqoxec hits the orc knight but does no damage. x2
The orc knight hits you with a +0 dire flail!!
* * * LOW HITPOINT WARNING * * *
The orc knight hits you with a +0 long sword!!
You die...

##################
#..#(#.#.#.#.#.#.#
#.#(#.#.#.#.#.#.#.
#..###.###.###.###
#.#.#.#.#.#.#.#.#.
#.3#.#.#.#.#.#.#.#
#o################
#@# #o########## ##
#3o........## #.
#.###.......# #.
#...........# #.
#.#####.#...# #.
#.# #.##.## #.
##.#####.##.######.
#..............<...


You could see 2 orc knights, an orc and 2 friendly neqoxecs.

Vanquished Creatures
  A two-headed ogre (D:8)
  An orc sorcerer (D:9)
  Psyche (D:8)
  A hornet (D:9)
  2 hippogriffs
  A spriggan (D:7)
  A yak (D:6)
  14 wargs (D:9)
  3 orc warriors (D:9)
  4 sky beasts
  5 black bears
  4 ice beasts
  A necrophage (D:5)
  4 ogres
  4 centaurs
  2 big kobolds
  3 scorpions
  4 wights (D:6)
  A howler monkey (D:6)
  6 crimson imps
  2 bullfrog zombies
  5 hounds
  2 jellies
  8 orc priests
  6 orc wizards
  A bullfrog skeleton (D:9)
  3 iguanas
  13 worker ants
  9 adders
  A howler monkey skeleton (D:4)
  3 shadow imps
  An ooze (D:7)
  3 adder skeletons
  2 adder zombies (D:5)
  2 worms
  4 dart slugs
  2 leopard geckos
  32 orcs
  4 ball pythons
  6 giant cockroaches
  8 goblins
  8 hobgoblins
  7 jackals
  7 quokkas
  7 bats
  3 frilled lizards
  2 giant cockroach zombies
  A jackal zombie (D:6)
  16 kobolds
  A leopard gecko skeleton (D:4)
  A leopard gecko zombie (D:6)
  6 rats
239 creatures vanquished.

Vanquished Creatures (collateral kills)
  Erica (D:8)
  An ice beast (D:8)
  An iguana (D:8)
  2 orc wizards (D:8)
  An adder (D:8)
6 creatures vanquished.

Vanquished Creatures (others)
  An orc wizard (D:9)
1 creature vanquished.

Grand Total: 246 creatures vanquished

Notes
Turn   | Place    | Note
-------+----------+-------------------------------------------
     0 | D:1      | Firecrotchwizard the Hill Orc Monk began the quest for the
                  | Orb.
     0 | D:1      | Reached XP level 1. HP: 19/19 MP: 1/1
   112 | D:1      | Reached XP level 2. HP: 22/27 MP: 2/2
  1066 | D:2      | Reached skill level 4 in Fighting
  1094 | D:2      | Reached XP level 3. HP: 33/33 MP: 3/3
  1309 | D:2      | Reached skill level 5 in Axes
  1701 | D:2      | Reached XP level 4. HP: 25/40 MP: 4/4
  2254 | D:3      | Found a glowing silver altar of Zin.
  2355 | D:3      | Reached skill level 3 in Dodging
  3055 | D:4      | Reached skill level 6 in Axes
  3055 | D:4      | Reached XP level 5. HP: 41/47 MP: 5/5
  3374 | D:4      | Reached XP level 6. HP: 48/55 MP: 6/6
  3707 | D:4      | Reached skill level 5 in Fighting
  3822 | D:4      | Reached skill level 7 in Axes
  4045 | D:4      | Found a burning altar of Makhleb.
  4055 | D:4      | Became a worshipper of Makhleb the Destroyer
  4055 | D:4      | Reached * piety under Makhleb
  4055 | D:4      | Reached ** piety under Makhleb
  4319 | D:5      | Entered Level 5 of the Dungeon
  4365 | D:5      | Noticed an ice beast
  4367 | D:5      | Noticed an ice beast
  4376 | D:5      | Noticed a sky beast
  4407 | D:4      | Killed an ice beast
  4407 | D:4      | Reached skill level 1 in Armour
  4407 | D:4      | Reached skill level 1 in Invocations
  4407 | D:4      | Reached XP level 7. HP: 45/61 MP: 6/8
  4544 | D:5      | Reached skill level 8 in Axes
  4544 | D:5      | Reached skill level 2 in Invocations
  4566 | D:5      | Reached skill level 2 in Armour
  4677 | D:5      | Reached skill level 6 in Fighting
  4677 | D:5      | Reached skill level 3 in Invocations
  4691 | D:5      | Reached XP level 8. HP: 41/70 MP: 10/10
  4849 | D:5      | Reached skill level 9 in Axes
  4928 | D:5      | Reached skill level 3 in Armour
  5003 | D:5      | Found an iron altar of Okawaru.
  5051 | D:5      | Found Borghac's Magic Scroll Shoppe.
  5153 | D:5      | Found a stormy altar of Qazlal.
  5217 | D:5      | Found Ceoqus's Weapon Emporium.
  5242 | D:5      | Reached skill level 4 in Invocations
  5455 | D:5      | Found a shattered altar of Ashenzari.
  5512 | D:6      | Reached skill level 10 in Axes
  5586 | D:6      | Noticed a yak
  5605 | D:6      | Killed a yak
  5605 | D:6      | Reached skill level 7 in Fighting
  5605 | D:6      | Reached skill level 4 in Armour
  5605 | D:6      | Reached skill level 5 in Invocations
  5605 | D:6      | Reached XP level 9. HP: 69/79 MP: 12/12
  5735 | D:6      | Reached *** piety under Makhleb
  5904 | D:6      | Reached skill level 11 in Axes
  6002 | D:6      | Reached skill level 5 in Armour
  6076 | D:6      | Found a staircase to the Ecumenical Temple.
  6142 | D:6      | Reached skill level 6 in Invocations
  6203 | D:6      | Found the +0 Maxwell's etheric cage {RegenMP+ *Contam rElec
                  | MP+4}
  6214 | D:6      | Noticed a +0 hand axe
  6215 | D:6      | Found a hide-covered altar of Uskayaw.
  6215 | D:6      | Noticed a +0 dagger
  6301 | D:6      | Found a white marble altar of Elyvilon.
  6569 | D:7      | Reached skill level 8 in Fighting
  6689 | D:7      | Found a sparkling altar of Nemelex Xobeh.
  6705 | D:7      | Found a radiant altar of Vehumet.
  7017 | D:7      | Reached skill level 12 in Axes
  7017 | D:7      | Reached XP level 10. HP: 89/89 MP: 15/15
  7253 | D:8      | Noticed a two-headed ogre
  7257 | D:8      | Reached skill level 7 in Invocations
  7261 | D:8      | Killed a two-headed ogre
  7261 | D:8      | Reached skill level 6 in Armour
  7347 | D:8      | Noticed Erica
  7363 | D:8      | Killed Erica
  7383 | D:8      | Reached **** piety under Makhleb
  7427 | D:8      | Reached skill level 9 in Fighting
  7502 | D:8      | Reached skill level 13 in Axes
  7626 | D:8      | Found an ornate altar of the Wu Jian Council.
  7696 | D:8      | Noticed Psyche
  7728 | D:8      | Killed Psyche
  7728 | D:8      | Reached skill level 8 in Invocations
  8170 | D:9      | Reached skill level 7 in Armour
  8204 | D:9      | Reached XP level 11. HP: 74/97 MP: 17/17
  8385 | D:9      | Reached skill level 14 in Axes
  8477 | D:9      | Found a stormy altar of Qazlal.
  8479 | D:9      | Found a blossoming altar of Fedhas.
  8533 | D:9      | Reached skill level 9 in Invocations
  8583 | D:9      | Got a pair of smoking gloves
  8614 | D:9      | Identified the +0 pair of gloves of Analysis {Slay+3} (You
                  | found it on level 9 of the Dungeon)
  8811 | D:9      | Reached ***** piety under Makhleb
  8822 | D:9      | Noticed an orc sorcerer
  8838 | D:9      | Killed an orc sorcerer
  8838 | D:9      | Reached skill level 10 in Fighting
  8887 | D:9      | Noticed an orc knight
  8890 | D:9      | Noticed an orc knight
  8915 | D:9      | Noticed an orc knight
  8921 | D:8      | HP: 4/99 [orc knight/+0 dire flail (24)]
  8921 | D:8      | Demolished by an orc knight

Vault maps used:
D:1:      shiori_arrival_oz, minmay_tripent
D:2:      minmay_wonky_spiral, serial_glass, glass_columns_b, glass_columns_b,
          minmay_tiny_reverse_x
D:3:      lemuel_crystal_altar
D:4:      makhleb_blood_cavern_becter, grunt_tough_drop
D:5:      kennysheep_mini, okawaru_gym_becter, serial_shops, shop, shop,
          first_ration, grunt_qazlal_sundering
D:6:      elyvilon_altar_5, dancing_weapons_uskayaw,
          minmay_temple_entry_drinking_statues, minmay_alternating_orb
D:7:      overflow_temple_1_default, fiery_altar_vehumet, the_bakery
D:8:      nicolae_overflow_hidden_temple, marbit_many_paths,
          roderic_roman_lattice, uniq_erica, uniq_psyche
D:9:      lemuel_castle_with_subvaults, grunt_temple_overflow_forces_of_nature

Skill      XL: |  1  2  3  4  5  6  7  8  9 10 11 |
---------------+----------------------------------+-----
Fighting       | 4 5 6 7 8 9 10 | 10.0
Axes           | 5 6 7 8 10 12 13 14 | 14.2
Dodging        | 3 |  3.6
Armour         | 1 2 4 5 7 |  7.8
Invocations    | 1 3 5 6 8 9 |  9.3
Stealth        | |  1.5

Action                   |  1- 3 |  4- 6 |  7- 9 | 10-12 || total
-------------------------+-------+-------+-------+-------++-------
Melee: Hand axe          |   113 |   172 |   368 |   283 ||   936
 Fire: Hunting sling     |    42 |    77 |    44 |     5 ||   168
Throw: Stone             |     1 |     3 |       |       ||     4
Invok: Minor Destruction |       |       |     2 |     2 ||     4
       Lesser Servant of |       |       |       |     5 ||     5
       Major Destruction |       |       |       |     1 ||     1
Evoke: Wand              |       |       |     2 |       ||     2
  Use: Scroll            |       |     1 |     2 |     1 ||     4
       Potion            |       |       |     2 |       ||     2
 Stab: Confused          |       |       |     1 |       ||     1
  Eat: Chunk             |     2 |     6 |     8 |     7 ||    23
       Ration            |       |     1 |       |       ||     1
Armor: Robe              |    12 |       |       |       ||    12
       Scale mail        |    26 |    97 |   170 |     1 ||   294
       Chain mail        |       |       |       |   118 ||   118
Dodge: Dodged            |    67 |   109 |   176 |    86 ||   438

Table legend:
 A = Non-vault XP
 B = Vault XP
 C = Vault XP percentage of total XP
 D = Non-vault monster count
 E = Vault monster count
 F = Vault count percentage of total count
                 A         B        C        D         E       F
            +---------+---------+-------+---------+---------+-------
      Total |    6442 |    5395 |  45.6 |     192 |      54 |  22.0
            +---------+---------+-------+---------+---------+-------
        D:1 |      24 |       5 |  17.2 |      13 |       3 |  18.8
        D:2 |      64 |      12 |  15.8 |      22 |       6 |  21.4
        D:3 |     179 |       0 |   0.0 |      16 |       0 |   0.0
        D:4 |     293 |      44 |  13.1 |      14 |       2 |  12.5
        D:5 |    1165 |       0 |   0.0 |      31 |       0 |   0.0
        D:6 |    1207 |     765 |  38.8 |      28 |      12 |  30.0
        D:7 |     723 |     205 |  22.1 |      18 |       1 |   5.3
        D:8 |    1691 |    1061 |  38.6 |      23 |       4 |  14.8
        D:9 |    1096 |    3303 |  75.1 |      27 |      26 |  49.1
            +---------+---------+-------+---------+---------+-------

Vault maps used:
D:1:      shiori_arrival_oz, minmay_tripent
D:2:      minmay_wonky_spiral, serial_glass, glass_columns_b, glass_columns_b,
          minmay_tiny_reverse_x
D:3:      lemuel_crystal_altar
D:4:      makhleb_blood_cavern_becter, grunt_tough_drop
D:5:      kennysheep_mini, okawaru_gym_becter, serial_shops, shop, shop,
          first_ration, grunt_qazlal_sundering
D:6:      elyvilon_altar_5, dancing_weapons_uskayaw,
          minmay_temple_entry_drinking_statues, minmay_alternating_orb
D:7:      overflow_temple_1_default, fiery_altar_vehumet, the_bakery
D:8:      nicolae_overflow_hidden_temple, marbit_many_paths,
          roderic_roman_lattice, uniq_erica, uniq_psyche
D:9:      lemuel_castle_with_subvaults, grunt_temple_overflow_forces_of_nature

Table legend:
 A = Turns spent in this place as a percentage of turns spent in the entire game.
 B = Non-inter-level travel turns spent in this place as a percentage of non-inter-level travel turns spent in the entire game.
 C = Inter-level travel turns spent in this place as a percentage of turns spent in this place.
 D = Turns resting spent in this place as a percentage of non-inter-level travel turns spent in this place.
 E = Turns spent auto-exploring this place as a percentage of non-inter-level travel turns spent in this place.
 F = Non-inter-level travel turns spent in this place divided by the number of levels of this place that you've seen.
                   A       B       C       D       E      F
               +-------+-------+-------+-------+-------+----------------------
         Total | 100.0 | 100.0 |   4.0 |  19.4 |  56.7 | 951.6
       Dungeon | 100.0 | 100.0 |   4.0 |  19.4 |  56.7 | 951.6
               +-------+-------+-------+-------+-------+----------------------

Table legend:
 A = Kills in this place as a percentage of kills in entire the game.
 B = Kills by you in this place as a percentage of kills by you in the entire game.
 C = Kills by friends in this place as a percentage of kills by friends in the entire game.
 D = Other kills in this place as a percentage of other kills in the entire game.
 E = Experience gained in this place as a percentage of experience gained in the entire game.
 F = Experience gained in this place divided by the number of levels of this place that you have seen.
                   A       B       C       D       E      F
               +-------+-------+-------+-------+-------+----------------------
         Total | 100.0 | 100.0 | 100.0 | 100.0 | 100.0 | 1315.2
       Dungeon | 100.0 | 100.0 | 100.0 | 100.0 | 100.0 | 1315.2
               +-------+-------+-------+-------+-------+----------------------
